 Dungeon Crawl Stone Soup version 0.28.0-45-g0d030f2227 (webtiles) character file.

Game seed: 1624081654876172453

3187 CryoSword the Reanimator (level 9, -4/75 HPs)
             Began as a Ghoul Necromancer on Apr 23, 2022.
             Was an Initiate of Makhleb.
             Slain by a wraith (7 damage)
             ... on level 5 of the Dungeon.
             The game lasted 00:23:53 (11643 turns).

CryoSword the Reanimator (Ghoul Necromancer)       Turns: 11643, Time: 00:23:53

Health: -4/75      AC:  6    Str: 22    XL:     9   Next: 95%
Magic:  0/21       EV: 11    Int: 18    God:    Makhleb [......]
Gold:   294        SH:  4    Dex:  9    Spells: 0/14 levels left

rFire   + . .      SeeInvis +   w - +3 short sword (speed)
rCold   + . .      Faith    .   r - +0 buckler
rNeg    + + +      Spirit   +   C - +0 robe
rPois   ∞          Reflect  .   k - +2 helmet
rElec   .          Harm     .   A - scarf {+Inv}
rCorr   .          Rampage  .   g - +0 pair of gloves
Will    .....                   (no boots)
Stlth   ++........              d - amulet of Tyicusma {Spirit rF+ MP+9 Str+4 Int+4}
HPRegen 0.00/turn               F - +6 ring of strength
MPRegen 0.17/turn               v - ring of see invisible

@: mighty, inhibited regen, slowed, very slow
A: claws 1, cold resistance 1, negative energy resistance 3, inhibited
regeneration, torment resistance 2
a: Renounce Religion, Evoke Invisibility


You were on level 5 of the Dungeon.
You worshipped Makhleb.
Makhleb was noncommittal.
You visited 2 branches of the dungeon, and saw 8 of its levels.

You collected 294 gold pieces.

Inventory:

Hand Weapons
 a - a +0 rapier
   (You found it on level 5 of the Dungeon)
 w - a +3 short sword of speed (weapon)
   (You took it off a kobold on level 2 of the Dungeon)
Missiles
 b - 5 poisoned darts
 c - 2 throwing nets
 m - 3 boomerangs (quivered)
Armour
 g - a +0 pair of gloves (worn)
   (You found it on level 1 of the Dungeon)
 k - a +2 helmet (worn)
   (You found it on level 2 of the Dungeon)
 r - a +0 buckler (worn)
   (You found it on level 3 of the Dungeon)
 y - a +0 tower shield
   (You found it on level 4 of the Dungeon)
 A - a scarf of invisibility (worn)
   (You found it on level 5 of the Dungeon)
 C - a +0 robe (worn)
Magical Staves
 s - a staff of death
   (You found it on level 6 of the Dungeon)
Jewellery
 d - the amulet of Tyicusma (around neck) {Spirit rF+ MP+9 Str+4 Int+4}
   (You acquired it on level 1 of the Dungeon)

   [amulet of guardian spirit]

   It causes incoming damage to be divided between your reserves of health and
   magic.
   Str:       It affects your strength (+4).
   Int:       It affects your intelligence (+4).
   rF:        It protects you from fire.
   MP:        It affects your magic capacity (+9).
 v - a ring of see invisible (right hand)
   (You took it off an orc on level 4 of the Dungeon)
 F - a +6 ring of strength (left hand)
   (You found it on level 6 of the Dungeon)
Scrolls
 e - 2 scrolls of enchant armour {unknown}
 f - 3 scrolls of fog {unknown}
 i - a scroll of silence {unknown}
 j - 4 scrolls of vulnerability {!r}
 l - 2 scrolls of blinking
 o - a scroll of identify {@r1}
 p - 2 scrolls of immolation {!r}
 u - a scroll of torment {unknown}
 B - a scroll of brand weapon {unknown}
 G - 2 scrolls of amnesia {unknown}
 H - 3 scrolls of magic mapping
Potions
 n - 5 potions of curing {@q1}
 x - a potion of magic
 D - 2 potions of brilliance
 E - a potion of flight


   Skills:
 + Level 5.8 Fighting
 * Level 5.7 Short Blades
 - Level 2.0 Dodging
 - Level 4.0 Stealth
 - Level 4.0 Shields
 - Level 3.0 Spellcasting
 * Level 9.6 Necromancy


You couldn't memorise any spells.
You knew the following spells:

 Your Spells              Type           Power      Damage    Failure   Level
a - Pain                  Necr           100%       1d9       1%          1
b - Vampiric Draining     Necr           37%        2d8       1%          3
c - Agony                 Necr           37%        N/A       11%         5
z - Animate Dead          Necr           18%        N/A       3%          4
Z - Animate Skeleton      Necr           74%        N/A       1%          1

Your spell library contained the following spells:

 Spells                   Type           Power      Damage    Failure   Level
 Summon Small Mammal      Summ           8%         N/A       21%         1
 Call Canine Familiar     Summ           2%         N/A       52%         3
 Dazzling Flash           Conj/Hex       4%         N/A       52%         3
 Summon Guardian Golem    Hex/Summ       2%         N/A       52%         3
 Silence                  Hex/Air        1%         N/A       99%         5


Dungeon Overview and Level Annotations

Branches:
Dungeon (7/15)             Temple (1/1) D:6

Altars:
Ashenzari
Cheibriados
Dithmenos
Elyvilon
Fedhas
Gozag
Hepliaklqana
Makhleb
Nemelex Xobeh
Okawaru
Qazlal
Vehumet
Wu Jian
Xom
Yredelemnul
Zin
The Shining One

Shops:
D:7 =

Annotations:
D:6 3 runed translucent doors, hitsuchi's ghost, novice DEFE


Innate Abilities, Weirdness & Mutations

You thrive by killing the living.
You are immune to poison.
You have sharp fingernails.
Your flesh is cold resistant. (rC+)
You are immune to negative energy. (rN+++)
You do not regenerate when monsters are visible.
You are immune to unholy pain and torment.


Message History

The wraith drains your vigour!
You feel as though you will be slow longer.
You hit the wraith but do no damage. You barely miss the wraith.
The wraith barely misses you.
You hit the wraith but do no damage. The wraith barely misses you.
You barely miss the wraith. The wraith closely misses you.
You hit the wraith but do no damage. The wraith hits you!
The wraith drains your vigour!
You feel as though you will be slow longer.
You completely miss the wraith. The wraith hits you.
You hit the wraith but do no damage. The wraith hits you!
The wraith drains your vigour!
You feel as though you will be slow longer.
You barely miss the wraith. You hit the wraith but do no damage.
The wraith hits you but does no damage.
You closely miss the wraith. You block the wraith's attack.
You hit the wraith but do no damage. The wraith hits you.
* * * LOW HITPOINT WARNING * * *
The wraith drains your vigour!
You feel as though you will be slow longer.
You puncture the wraith! The wraith hits you.
* * * LOW HITPOINT WARNING * * *
The wraith drains your vigour!
You feel as though you will be slow longer.
You hit the wraith but do no damage. The wraith hits you!
* * * LOW HITPOINT WARNING * * *
The wraith drains your vigour!
You feel as though you will be slow longer.
The wraith hits you.
* * * LOW HITPOINT WARNING * * *
The wraith misses you. The wraith hits you but does no damage.
The wraith barely misses you. The wraith barely misses you.
The wraith closely misses you. The wraith closely misses you.
The wraith hits you!
* * * LOW HITPOINT WARNING * * *
The wraith drains your vigour!
You feel as though you will be slow longer.
You closely miss the wraith. The wraith barely misses you.
You hit the wraith but do no damage. You block the wraith's attack.
Okay, then.
Unknown command.
Unknown command.
You closely miss the wraith. The wraith hits you but does no damage.
Okay, then.
Unknown command.
Okay, then.
Okay, then.
It was a potion of ambrosia.
You are confused.
You feel invigorated. The wraith closely misses you.
It was a potion of heal wounds.
You feel much better. The wraith hits you! The wraith drains your vigour!
You feel as though you will be slow longer.
The wraith hits you. The wraith drains your vigour!
You feel as though you will be slow longer.
The wraith hits you.
You bump into the rock wall.
You feel less invigorated.
You feel less confused. The wraith closely misses you.
You block the wraith's attack. The wraith barely misses you.
The wraith hits you!
You hit the wraith but do no damage. You block the wraith's attack.
You hit the wraith. The wraith misses you.
You closely miss the wraith. You hit the wraith but do no damage.
The wraith barely misses you.
You hit the wraith but do no damage. You block the wraith's attack.
You hit the wraith but do no damage. You block the wraith's attack.
You closely miss the wraith. The wraith closely misses you.
You hit the wraith but do no damage. You block the wraith's attack.
You hit the wraith. The wraith barely misses you.
You barely miss the wraith. The wraith hits you!
You hit the wraith but do no damage. The wraith hits you.
You closely miss the wraith. The wraith misses you.
You barely miss the wraith. The wraith hits you. The wraith drains your vigour!
You feel as though you will be slow longer.
You hit the wraith but do no damage. The wraith misses you.
You hit the wraith but do no damage. You block the wraith's attack.
You closely miss the wraith. You barely miss the wraith. The wraith hits you.
The wraith drains your vigour!
You feel as though you will be slow longer.
You hit the wraith. The wraith hits you. The wraith drains your vigour!
You feel as though you will be slow longer.
You block the wraith's attack. The wraith barely misses you.
There is an open door here.
You block the wraith's attack. The wraith barely misses you.
The wraith closely misses you. The wraith hits you.
The wraith drains your vigour!
You feel as though you will be slow longer.
The wraith hits you! The wraith barely misses you.
The wraith closely misses you.
You see here a +0 flail.
You block the wraith's attack.
There is a stone staircase leading up here.
The wraith hits you.
* * * LOW HITPOINT WARNING * * *
The wraith drains your vigour!
You feel as though you will be slow longer.
You climb upwards.
There is a stone staircase leading down here.
The wraith hits you!
* * * LOW HITPOINT WARNING * * *
The wraith drains your vigour!
You feel as though you will be slow longer.
Things that are here:
a +0 ring mail; a +0 short sword You see here a +0 mace.
You block the wraith's attack.
Okay, then.
You hit the wraith. The wraith closely misses you.
You hit the wraith. The wraith barely misses you.
You hit the wraith but do no damage. You hit the wraith but do no damage.
The wraith hits you!
* * * LOW HITPOINT WARNING * * *
The wraith drains your vigour!
You feel as though you will be slow longer.
You hit the wraith but do no damage. The wraith hits you!
* * * LOW HITPOINT WARNING * * *
Okay, then.
Okay, then.
Unknown command.
As you read the scroll labelled DAGUAR UVETAOFU, it crumbles to dust.
The creatures around you are filled with an inner flame!
It was a scroll of immolation.
The wraith hits you.
* * * LOW HITPOINT WARNING * * *
The wraith hits you!
* * * LOW HITPOINT WARNING * * *
The wraith drains your vigour!
You feel as though you will be slow longer.
As you read the scroll labelled COXILY DASUPP, it crumbles to dust.
It is a scroll of enchant weapon.
Your +2 short sword of speed glows red for a moment.
You block the wraith's attack.
It was a potion of might.
You feel very mighty all of a sudden. The wraith closely misses you.
The wraith hits you!
* * * LOW HITPOINT WARNING * * *
The wraith drains your vigour!
You feel as though you will be slow longer.
You hit the wraith.
Flame seeps out of the wraith.
You puncture the wraith!
Flame seeps out of the wraith.
The wraith is engulfed in blazing flames.
Flame seeps out of the wraith.
The wraith hits you!
You die...

#.# #.# #.# #############.#
#.............#
#############.#############
#.............#########
#.##########..........# #.#
#@########.# #.# #W# #.#
#.###### ##[## #.#
#.##...####.[>#######.# ##
#)##..................# #.
#.##...####...######..# #.
#.###.## ##.## #...######.
#.###.######.# #..........
#.......<....# #.########.


You could see a wraith (inner flame).

Vanquished Creatures
  2 steam dragons (D:7)
  A vampire mosquito (D:6)
  3 water moccasins
  3 sky beasts
  An ice beast (D:4)
  4 ogres
  3 centaurs
  A phantom (D:3)
  2 bullfrogs
  4 scorpions
  2 howler monkeys
  A crimson imp (D:5)
  A bullfrog zombie (D:7)
  4 hounds
  4 jellies
  A gnoll shaman (D:5)
  3 orc priests
  2 iguanas
  Terence (D:3)
  7 orc wizards
  A hound skeleton (D:5)
  A howler monkey zombie (D:3)
  13 gnolls
  2 howler monkey skeletons
  4 adders
  5 white imps
  An adder skeleton (D:4)
  2 worms (D:3)
  5 dart slugs
  21 orcs
  8 bats
  6 endoplasms
  3 giant cockroaches (D:2)
  4 hobgoblins
  3 jackals
  4 quokkas
  6 ball pythons
  5 frilled lizards
  10 goblins
  5 kobolds
  8 rats
167 creatures vanquished.

Notes
Turn   | Place    | Note
-------+----------+-------------------------------------------
     0 | D:1      | CryoSword the Ghoul Necromancer began the quest for the
                  | Orb.
     0 | D:1      | Reached XP level 1. HP: 14/14 MP: 2/2
   429 | D:1      | Reached XP level 2. HP: 19/22 MP: 1/3
   459 | D:1      | Learned a level 1 spell: Animate Skeleton
  1059 | D:1      | Found Epnyskec's General Store.
  1087 | D:1      | Reached skill level 1 in Fighting
  1090 | D:1      | Reached XP level 3. HP: 28/28 MP: 1/5
  1997 | D:1      | HP: 1/28 [adder (3)]
  2418 | D:2      | Reached XP level 4. HP: 35/35 MP: 4/6
  3199 | D:1      | Identified a scroll of acquirement
  3199 | D:1      | Acquired the amulet of Tyicusma {Spirit rF+ MP+9 Str+4
                  | Int+4}
  3852 | D:2      | Reached skill level 1 in Short Blades
  3866 | D:2      | Reached XP level 5. HP: 41/41 MP: 7/7
  3876 | D:2      | Reached skill level 5 in Necromancy
  3970 | D:1      | Learned a level 3 spell: Vampiric Draining
  4796 | D:3      | Found a faded altar of an unknown god.
  4857 | D:3      | Noticed Terence
  4868 | D:3      | Killed Terence
  4869 | D:3      | Reached XP level 6. HP: 49/50 MP: 8/8
  5117 | D:3      | Reached skill level 1 in Shields
  5396 | D:4      | Reached XP level 7. HP: 56/56 MP: 0/9
  5777 | D:4      | Reached skill level 6 in Necromancy
  6234 | D:5      | Entered Level 5 of the Dungeon
  6372 | D:5      | Reached XP level 8. HP: 53/63 MP: 9/11
  6825 | D:5      | Reached skill level 7 in Necromancy
  6832 | D:5      | Learned a level 4 spell: Animate Dead
  7629 | D:5      | Reached XP level 9. HP: 66/71 MP: 11/12
  7738 | D:5      | Reached skill level 8 in Necromancy
  8528 | D:6      | Noticed hitsuchi's ghost (novice DEFE)
  8568 | D:6      | Learned a level 5 spell: Agony
  8669 | D:6      | Found a runed translucent gate.
  8669 | D:6      | Found a runed translucent gate.
  8783 | D:6      | Found a runed translucent gate.
  9128 | D:6      | Found a shimmering altar of Xom.
  9261 | D:6      | Found a staircase to the Ecumenical Temple.
  9269 | Temple   | Entered the Ecumenical Temple
  9405 | Temple   | Became a worshipper of Makhleb the Destroyer
  9764 | D:7      | Found Liugosti's Jewellery Boutique.
  9957 | D:6      | Reached skill level 5 in Fighting
 10073 | D:7      | Reached skill level 9 in Necromancy
 10402 | D:7      | Noticed a two-headed ogre
 10492 | D:7      | Noticed a troll
 10497 | D:7      | Reached skill level 5 in Short Blades
 11072 | D:7      | Noticed a troll
 11641 | D:5      | HP: 3/75 [wraith (7)]
 11643 | D:5      | Slain by a wraith

Illustrated notes

Levels and vault maps discovered:
D:1:      lightli_arrival_isolated_outpost, layout_basic, serial_shops,
          nicolae_shop_behind_doors
D:2:      layout_rooms, wad_floor_pattern_1, minmay_diced_spiral
D:3:      layout_basic, nicolae_ecumenical_lake_church, uniq_terence
D:4:      layout_rooms
D:5:      layout_loops_ring, minmay_fire_ice_demons
D:6:      layout_basic, mainiacjoe_overflow_alcove_2, temple_fountains,
          gammafunk_ghost_split, grunt_decor_resistance,
          minmay_misc_feat_columns, serial_park_tiny_pond,
          hellmonk_bongcloud_opening
D:7:      minmay_the_grid_triangle_9x9_recursive_2
          [minmay_the_grid_triangle_9x9_prize_schism,
          minmay_the_grid_triangle_9x9_flanged_cone,
          minmay_the_grid_triangle_9x9_impossible_snake,
          minmay_the_grid_triangle_9x9_checkered], layout_cave_pools,
          serial_shops, shop, dk_noncrumbling_3, corexii_corridor_pit
Temple:   nicolae_temple_the_god_donut

Skill      XL: |  1  2  3  4  5  6  7  8  9 |
---------------+----------------------------+-----
Dodging        | 2 |  2.0
Spellcasting   | 2 3 |  3.0
Fighting       | 1 2 3 4 5 |  5.8
Stealth        | 3 4 |  4.0
Short Blades   | 1 2 4 5 |  5.7
Necromancy     | 5 6 7 9 |  9.6
Shields        | 1 3 4 |  4.0

Action                   |  1- 3 |  4- 6 |  7- 9 || total
-------------------------+-------+-------+-------++-------
Melee: Unarmed           |    40 |       |       ||    40
       Short sword       |    21 |    81 |   363 ||   465
       Punch             |       |     1 |       ||     1
Throw: Boomerang         |       |       |     1 ||     1
 Cast: Pain              |    69 |    80 |    44 ||   193
       Animate Skeleton  |     1 |     2 |       ||     3
       Vampiric Draining |       |     5 |   113 ||   118
  Use: Scroll            |       |     3 |    13 ||    16
       Potion            |       |       |     3 ||     3
 Stab: Sleeping          |       |     1 |     6 ||     7
Armor: Robe              |    22 |    20 |   106 ||   148
Dodge: Dodged            |    81 |    66 |   197 ||   344
Block: Buckler           |       |     5 |    63 ||    68
